 Dungeon Crawl Stone Soup version 0.29.1-15-g9cfb28693d (webtiles) character file.

Game seed: 5738912821565195402

1264 Barneous the Charlatan (level 8, 0/46 HPs)
             Began as an Octopode Wanderer on Mar 13, 2023.
             Slain by a phantom (8 damage)
             ... on level 5 of the Dungeon.
             The game lasted 00:18:40 (5123 turns).

Barneous the Charlatan (Octopode Wanderer)          Turns: 5123, Time: 00:18:40

Health: 0/46       AC:  1    Str:  9    XL:     8   Next: 52%
Magic:  12/12      EV: 13    Int: 20    God:
Gold:   328        SH:  4    Dex: 10    Spells: 9/13 levels left

rFire   . . .      SeeInvis .   e - +0 short sword (drain)
rCold   . . .      Faith    .   g - +1 buckler
rNeg    . . .      Spirit   .   (helmet restricted)
rPois   .          Reflect  .   f - amulet of regeneration
rElec   .          Harm     .   (no ring)
rCorr   .          Rampage  .   (no ring)
Will    .....                   (no ring)
Stlth   ++++......              (no ring)
HPRegen 0.95/turn               (no ring)
MPRegen 0.13/turn               (no ring)
                                (no ring)
                                (no ring)

@: no status effects
A: almost no armour, amphibious, 8 rings, camouflage 1, gelatinous body 1,
(nimble swimmer 1), tentacles
a: no special abilities


You were on level 5 of the Dungeon.
You visited 2 branches of the dungeon, and saw 6 of its levels.
You also visited: Sewer.

You collected 328 gold pieces.

Inventory:

Hand Weapons
 e - a +0 short sword of draining (weapon)
Armour
 g - a +1 buckler (worn)
Jewellery
 f - an amulet of regeneration (around mantle)
Wands
 i - a wand of flame (66)
 o - a wand of iceblast (9)
 p - a wand of polymorph (6)
Scrolls
 a - a scroll of amnesia
 d - 4 scrolls of teleportation
 l - a scroll of butterflies
 q - 2 scrolls of identify
Potions
 c - a potion of flight
 h - a potion of magic
 j - a potion of curing
 k - a potion of invisibility
 m - a potion of brilliance
Miscellaneous
 b - a piece from Xom's chessboard (15/15)


   Skills:
 + Level 3.2 Short Blades
 + Level 3.3 Dodging
 + Level 5.1 Stealth
 + Level 3.2 Unarmed Combat
 + Level 3.2 Spellcasting
 + Level 4.6 Conjurations
 + Level 3.2 Fire Magic
 + Level 5.8 Evocations


You had 9 spell levels left.
You knew the following spells:

 Your Spells              Type           Power      Damage    Failure   Level
a - Foxfire               Conj/Fire      76%        2x1d7     3%          1
b - Static Discharge      Conj/Air       12%        3-5/arc   11%         2
c - Shock                 Conj/Air       48%        1d6       8%          1

Your spell library contained the following spells:

 Spells                   Type           Power      Damage    Failure   Level
 Conjure Flame            Conj/Fire      19%        6-21      11%         3
 Dazzling Flash           Conj/Hex       24%        N/A       22%         3
 Swiftness                Air            3%         N/A       50%         3
 Airstrike                Air            1%         2d(1-17)  88%         4
 Agony                    Necr           3%         N/A       99%         5
 Silence                  Hex/Air        1%         N/A       99%         5


Dungeon Overview and Level Annotations

Branches:
Dungeon (5/15)             Temple (1/1) D:5           Sewer (visited)

Altars:
Ashenzari
Cheibriados
Dithmenos
Elyvilon
Fedhas
Gozag
Hepliaklqana
Makhleb
Okawaru
Ru
Trog
Uskayaw
Yredelemnul
Zin

Shops:
D:1 [   D:3 :

Annotations:
D:4 1 runed translucent door, Crazy Yiuf


Innate Abilities, Weirdness & Mutations

You cannot wear most types of armour.
You are amphibious.
You can wear up to eight rings at the same time.
Your skin changes colour to match your surroundings (Stealth+).
Your rubbery body absorbs attacks. (AC +1, EV +1)
((You are camouflaged when in or above water. (Stealth+)))
You have tentacles for arms and can constrict up to eight enemies at once.


Message History

You miss the orc wizard. You squeeze the orc wizard.
The orc wizard is heavily wounded.
The orc closely misses you. The orc wizard casts a spell at you.
The puff of flame hits you. The phantom misses you.
The orc wizard hits you but does no damage.
You hit the orc wizard.
The orc wizard is heavily wounded.
The orc hits you with a +0 whip.
The orc wizard hits you with a +0 dagger.
The phantom hits you.
* * * LOW HITPOINT WARNING * * *
The orc wizard hits you with a +0 dagger.
* * * LOW HITPOINT WARNING * * *
The orc wizard attacks as you move away!
The orc wizard misses you.
The orc wizard attacks as you move away!
The orc wizard hits you with a +0 dagger.
* * * LOW HITPOINT WARNING * * *
You feel better. The orc hits you with a +0 whip.
* * * LOW HITPOINT WARNING * * *
You hit the orc. You drain the orc.
You kill the orc!
You hit the orc wizard. You drain the orc wizard.
You kill the orc wizard!
You hit the phantom but do no damage. You tentacle-slap the phantom.
Your squeeze misses the phantom.
The phantom is heavily damaged.
The phantom hits you!
* * * LOW HITPOINT WARNING * * *
The phantom blinks!
You blink.
Found a scroll of poison.
You are too injured to fight recklessly!
You feel better. The phantom hits you.
* * * LOW HITPOINT WARNING * * *
The phantom blinks!
You blink.
You closely miss the phantom.
Your tentacle-slap misses the phantom.
Your squeeze misses the phantom.
The phantom is heavily damaged.
The phantom hits you!
You die...

###########
#.........#
#?........#
#.......W.#####
#......@.......
#.........#####
#....§....#
#.....§...#
#####.##### #.#
#.# .. . #o#
.... #§####....


You could see a phantom and an orc wizard.

Vanquished Creatures
  Pikel (D:4)
  Sigmund (D:2)
  An ogre (D:4)
  A lemure (D:4)
  A phantom (D:3)
  A scorpion (D:5)
  A howler monkey (D:5)
  A jelly (D:3)
  Terence (D:2)
  Natasha (twice) (D:2)
  An orc wizard (D:5)
  A hell rat (Sewer)
  Robin (D:2)
  7 adders
  4 river rats
  3 worms
  A dart slug (D:1)
  9 orcs
  7 bats
  7 endoplasms
  5 giant cockroaches
  11 hobgoblins
  10 jackals (D:2)
  7 kobolds
  7 quokkas
  3 ball pythons
  5 frilled lizards
  14 goblins
  16 rats
130 creatures vanquished.

Vanquished Creatures (others)
  59 foxfires
  4 fungi (D:4)
63 creatures vanquished.

Grand Total: 193 creatures vanquished

Notes
Turn   | Place    | Note
-------+----------+-------------------------------------------
     0 | D:1      | Barneous the Octopode Wanderer began the quest for the Orb.
     0 | D:1      | Barneous set off with the following items: a +0 dagger, a
                  | piece from Xom's chessboard (15/15), a potion of
                  | attraction, a scroll of teleportation; and the following
                  | spell memorised: Foxfire; and the following spells
                  | available to memorise: Static Discharge, Conjure Flame.
     0 | D:1      | Reached XP level 1. HP: 11/11 MP: 2/2
   310 | D:1      | Reached XP level 2. HP: 17/17 MP: 1/3
   606 | D:1      | Found Usiu's Antique Armour Shoppe.
   724 | D:1      | Reached XP level 3. HP: 21/21 MP: 4/4
  1018 | D:2      | Reached skill level 1 in Short Blades
  1082 | D:2      | Reached XP level 4. HP: 27/27 MP: 4/6
  1087 | D:2      | Learned a level 2 spell: Static Discharge
  1177 | D:2      | Reached skill level 1 in Fire Magic
  1185 | D:2      | Found a faded altar of an unknown god.
  1204 | D:2      | Noticed Natasha
  1213 | D:2      | Reached skill level 1 in Unarmed Combat
  1219 | D:2      | Killed Natasha
  1616 | D:2      | Reached XP level 5. HP: 31/31 MP: 4/7
  1666 | D:2      | Noticed Sigmund
  1685 | D:2      | Killed Sigmund
  1686 | D:2      | Reached XP level 6. HP: 26/36 MP: 3/9
  1792 | D:2      | Noticed Natasha
  1804 | D:2      | Killed Natasha
  1805 | D:2      | Reached skill level 5 in Evocations
  1881 | D:2      | Noticed Robin
  1896 | D:2      | Killed Robin
  1984 | D:2      | Noticed Terence
  2001 | D:2      | Killed Terence
  2487 | D:3      | Learned a level 1 spell: Shock
  2541 | D:3      | Found a basalt altar of Yredelemnul.
  2571 | D:3      | Found a glowing drain.
  2624 | Sewer    | Entered a sewer
  2663 | Sewer    | Reached XP level 7. HP: 41/41 MP: 10/10
  3005 | D:3      | Found Emo Pix's Vocational Training.
  4209 | D:4      | Noticed Pikel
  4227 | D:4      | Killed Pikel
  4228 | D:4      | Reached XP level 8. HP: 16/46 MP: 10/12
  4637 | D:4      | Found a runed translucent door.
  4638 | D:4      | Noticed Crazy Yiuf
  4692 | D:5      | Entered Level 5 of the Dungeon
  4698 | D:5      | Reached skill level 5 in Stealth
  4707 | D:5      | Found a staircase to the Ecumenical Temple.
  4718 | Temple   | Entered the Ecumenical Temple
  5117 | D:5      | HP: 1/46 [orc wizard/+0 dagger (4)]
  5123 | D:5      | Slain by a phantom

Illustrated notes

Levels and vault maps discovered:
D:1:      scummos_arrival_star, layout_basic, serial_shops, shop,
          minmay_hexomino_p4
D:2:      layout_basic, shapermc_ecumenical_altar_notcrosses,
          minmay_box_of_dots, uniq_sigmund, uniq_robin, uniq_natasha,
          uniq_terence
D:3:      layout_loops_corners, mainiacjoe_overflow_concentric_impassable,
          portal_sewer_entry_c, nicolae_shop_vocational
D:4:      layout_loops_corners, uniq_pikel, uniq_crazy_yiuf_cottage
D:5:      layout_rooms, minmay_temple_entry_sparse_star,
          kennysheep_generic_room_9
Temple:   nicolae_temple_figure_eight

Skill      XL: |  1  2  3  4  5  6  7  8 |
---------------+-------------------------+-----
Stealth        | 2 3 4 5 |  5.1
Short Blades   | 1 2 3 |  3.2
Fire Magic     | 1 2 3 |  3.2
Unarmed Combat | 1 2 3 |  3.2
Dodging        | 2 3 |  3.3
Spellcasting   | 2 3 |  3.2
Evocations     | 5 |  5.8
Conjurations   | 4 |  4.6

Action                   |  1- 3 |  4- 6 |  7- 9 || total
-------------------------+-------+-------+-------++-------
Melee: Dagger            |    15 |       |       ||    15
       Constrict         |    19 |    33 |    20 ||    72
       Short sword       |    68 |   148 |   125 ||   341
       Tentacles         |    13 |    36 |    27 ||    76
       Punch             |     1 |     4 |     5 ||    10
 Cast: Foxfire           |    13 |    16 |     7 ||    36
       Static Discharge  |       |     1 |       ||     1
       Shock             |       |       |     1 ||     1
Evoke: Wand              |       |       |     1 ||     1
  Use: Potion            |     3 |     2 |     8 ||    13
       Scroll            |     2 |     3 |     8 ||    13
 Stab: Sleeping          |     2 |     5 |    13 ||    20
       Invisible         |       |       |     1 ||     1
Armor: Skin              |    12 |    13 |     7 ||    32
Dodge: Dodged            |    82 |    87 |    48 ||   217
Block: Buckler           |       |    15 |    13 ||    28
